 Dungeon Crawl Stone Soup version 0.27-a0-926-g0e6d9124c6 (webtiles) character file.

Game seed: 8427020529953677591

748 Bapho the Cudgeller (level 7, -2/50 HPs)
             Began as a White Draconian Ice Elementalist on Apr 10, 2021.
             Was an Initiate of Sif Muna.
             Slain by a two-headed ogre
             ... wielding a +0 giant club
              (4 damage)
             ... on level 6 of the Dungeon.
             The game lasted 00:11:12 (6523 turns).

Bapho the Cudgeller (DrIE)                          Turns: 6523, Time: 00:11:12

Health: -2/50      AC: 12    Str: 10    XL:     7   Next: 48%
Magic:  6/12       EV: 12    Int: 17    God:    Sif Muna [......]
Gold:   188        SH:  0    Dex: 12    Spells: 2/13 levels left

rFire    . . .     SeeInvis .   g - +2 whip (elec)
rCold    + . .     Faith    .   (no shield)
rNeg     . . .     Spirit   .   (armour unavailable)
rPois    .         Reflect  .   (helmet restricted)
rElec    .         Harm     .   (no cloak)
rCorr    .         Rampage  .   (no gloves)
Will     .....                  (no boots)
Stlth    ++........             (no amulet)
HPRegen  0.16/turn              (no ring)
MPRegen  0.13/turn              (no ring)

@: ice-armoured, freezing walls
A: breathe frost, AC +6, unfitting armour, cold resistance 1, cold-blooded
a: Breathe Frost, Renounce Religion


You were on level 6 of the Dungeon.
You worshipped Sif Muna.
Sif Muna was noncommittal.
You visited 2 branches of the dungeon, and saw 7 of its levels.

You collected 188 gold pieces.

Inventory:

Hand Weapons
 a - a +0 dagger
 g - a +2 whip of electrocution (weapon)
Missiles
 e - 65 stones (quivered)
 i - 6 silver boomerangs
Wands
 p - a wand of iceblast (7)
Scrolls
 c - 4 scrolls of teleportation
 d - a scroll of blinking {unknown}
 j - a scroll of amnesia {unknown}
 l - a scroll of enchant weapon {unknown}
 q - a scroll of enchant armour {unknown}
 r - a scroll of identify
Potions
 b - a potion of haste {unknown}
 f - 2 potions of degeneration
 h - a potion of invisibility {unknown}
 k - 3 potions of curing
 m - a potion of flight {unknown}
 n - 2 potions of might
 o - a potion of resistance {unknown}


   Skills:
 + Level 6.6 Maces & Flails
 - Level 1.7 Dodging
 - Level 1.7 Stealth
 - Level 3.6 Spellcasting
 - Level 6.3 Ice Magic


You had 2 spell levels left.
You knew the following spells:

 Your Spells              Type           Power      Damage    Failure   Level
a - Freeze                Ice            96%        1d11      1%          1
b - Frozen Ramparts       Ice            48%        1d6       3%          3
c - Ozocubu's Armour      Ice            24%        N/A       3%          3
d - Hailstorm             Conj/Ice       13%        3d5       41%         4

Your spell library contained the following spells:

 Spells                   Type           Power      Damage    Failure   Level
 Animate Skeleton         Necr           6%         N/A       17%         1
 Magic Dart               Conj           12%        1d3       17%         1
 Pain                     Necr           12%        1d4       17%         1
 Searing Ray              Conj           6%         3d3       26%         2
 Summon Ice Beast         Ice/Summ       13%        N/A       41%         4
 Dazzling Flash           Conj/Hex       6%         N/A       45%         3
 Vampiric Draining        Necr           1%         2d6       45%         3
 Animate Dead             Necr           1%         N/A       86%         4
 Fulminant Prism          Conj/Hex       1%         3d6       86%         4
 Iskenderun's Mystic Bla  Conj/Tloc      3%         2d3       86%         4
 Agony                    Necr           3%         N/A       99%         5


Dungeon Overview and Level Annotations

Branches:
Dungeon (6/15)             Temple (1/1) D:4

Altars:
Ashenzari
Elyvilon
Fedhas
Gozag
Hepliaklqana
Kikubaaqudgha
Makhleb
Nemelex Xobeh
Qazlal
Ru
Sif Muna
Trog
Uskayaw
Vehumet
Wu Jian
Xom
Yredelemnul
Zin
The Shining One

Shops:
D:1 [

Annotations:
D:4 2 transporters
D:6 anet's ghost, novice GnHu


Innate Abilities, Weirdness & Mutations

You can breathe waves of freezing cold which knock back foes.
Your icy white scales are hard. (AC +6)
You cannot fit into any form of body armour.
Your flesh is cold resistant. (rC+)
You are cold-blooded and may be slowed by cold attacks.


Message History

A two-headed ogre comes into view. It is wielding two +0 giant clubs.
You throw a stone.
The stone hits the two-headed ogre but does no damage.
The two-headed ogre shouts in stereo!
There is a stone staircase leading down here.
Casting: Frozen Ramparts (dangerous; 3% risk of failure)
Confirm with . or Enter, or press ? or * to list all spells.
Casting: Frozen Ramparts (dangerous; 3% risk of failure)
Press: ? - help, Dir - look around, f - activate A stone staircase leading down.
The walls around you are covered in ice.
An orc comes into view. It is wielding a +0 whip.
The wall freezes the two-headed ogre.
Casting: Frozen Ramparts (dangerous; 3% risk of failure)
Confirm with . or Enter, or press ? or * to list all spells.
A film of ice covers your body!
The orc shouts!
The orc suddenly roars.
The wall freezes the two-headed ogre.
You hit the two-headed ogre.
The two-headed ogre is moderately wounded.
The wall freezes the two-headed ogre.
The two-headed ogre hits you with a +0 giant club!!
The two-headed ogre completely misses you.
You hit the two-headed ogre.
The two-headed ogre is moderately wounded.
An orc comes into view. It is wielding a +0 hand axe.
The wall freezes the two-headed ogre!
The two-headed ogre barely misses you. x2
The orc shouts!
You hit the two-headed ogre.
Lightning courses through the two-headed ogre!!
Your tail-slap misses the two-headed ogre.
The two-headed ogre is almost dead.
You hit the two-headed ogre.
The two-headed ogre is almost dead.
The wall freezes the two-headed ogre.
The two-headed ogre hits you with a +0 giant club!!
* * * LOW HITPOINT WARNING * * *
The two-headed ogre hits you with a +0 giant club.
You die... ##......#..## ..WYZ

#..........# ....Z.#
#..##>.....##Y.#.....
#. #.####..#Z.#...=.
# #...(...#..##.!.. (
##'####..# ..###)( #.
##...###..# ..
..##.##.....###.. .
#.o..o.O@....##..#
####............
+.........+..
#.........# #
##.......## ##$....##
##...## ##+##


You could see a two-headed ogre and 2 orcs.

Vanquished Creatures
  Duvessa (D:5)
  A sky beast (D:5)
  A necrophage (D:4)
  A phantom (D:4)
  Dowan (D:5)
  A hound (D:4)
  A bullfrog zombie (D:5)
  A scorpion zombie (D:5)
  2 iguanas
  A hound skeleton (D:4)
  A howler monkey skeleton (D:5)
  4 gnolls (D:3)
  4 adders
  An ufetubus (D:5)
  2 adder skeletons
  2 worms
  An orc (D:5)
  10 bats
  11 endoplasms
  A giant cockroach (D:4)
  7 goblins
  8 hobgoblins
  10 jackals
  4 quokkas
  6 ball pythons
  2 frilled lizards
  12 kobolds
  3 rats
100 creatures vanquished.

Notes
Turn   | Place    | Note
-------+----------+-------------------------------------------
     0 | D:1      | Bapho the Draconian Ice Elementalist began the quest for
                  | the Orb.
     0 | D:1      | Reached XP level 1. HP: 14/14 MP: 3/3
   457 | D:1      | Reached XP level 2. HP: 14/20 MP: 0/5
   561 | D:1      | Found Luprat's Armour Emporium.
   855 | D:1      | Found a faded altar of an unknown god.
  1330 | D:1      | Reached XP level 3. HP: 26/26 MP: 2/7
  1483 | D:1      | Learned a level 3 spell: Frozen Ramparts
  1487 | D:1      | Learned a level 3 spell: Ozocubu's Armour
  3012 | D:2      | Reached XP level 4. HP: 33/33 MP: 8/8
  3450 | D:3      | Reached skill level 5 in Ice Magic
  4284 | D:4      | Reached XP level 5. HP: 35/38 MP: 10/10
  4346 | D:4      | Reached skill level 1 in Maces & Flails
  4578 | D:4      | Noticed a necrophage
  4588 | D:4      | Killed a necrophage
  4816 | D:4      | Found a transporter.
  4838 | D:4      | Found a transporter.
  5014 | D:4      | Noticed a phantom
  5017 | D:4      | Found a staircase to the Ecumenical Temple.
  5039 | Temple   | Entered the Ecumenical Temple
  5065 | Temple   | Became a worshipper of Sif Muna the Loreminder
  5122 | D:4      | Reached XP level 6. HP: 41/45 MP: 11/11
  5313 | D:4      | Found a blossoming altar of Fedhas.
  5339 | D:5      | Entered Level 5 of the Dungeon
  5650 | D:5      | Noticed Duvessa
  5651 | D:5      | Noticed Dowan
  5661 | D:5      | Killed Duvessa
  5662 | D:5      | Reached skill level 5 in Maces & Flails
  5734 | D:5      | Your scales start taking on an icy white colour.
  5734 | D:5      | Reached XP level 7. HP: 26/50 MP: 8/12
  5734 | D:5      | Gained mutation: Your flesh is cold resistant. (rC+) [White
                  | Draconian growth]
  5753 | D:5      | Killed Dowan
  6369 | D:6      | Noticed anet's ghost (novice GnHu)
  6401 | D:6      | Learned a level 4 spell: Hailstorm
  6514 | D:6      | Noticed a two-headed ogre
  6523 | D:6      | HP: 2/50 [two-headed ogre/+0 giant club (24)]
  6523 | D:6      | Slain by a two-headed ogre

Illustrated notes

Levels and vault maps discovered:
D:1:      dpeg_arrival_tiny_i, layout_basic, basic_ecumenical_altar,
          serial_shops, shop, minivault_25, serial_park_tiny_2
D:2:      layout_basic, chequers_serial_rivers_small_3, hangedman_decor_opposing
D:3:      wander_river, layout_rooms, minmay_misc_feat_diagonals
D:4:      gammafunk_wand_slinger, layout_loops_ring,
          lemuel_coloured_pillars_altar, minmay_temple_entry_trees
D:5:      layout_cave_pools, serial_park_tiny_1, uniq_duvessa
D:6:      layout_loops_corners, serial_shops, nicolae_shop_waterfront,
          gammafunk_ghost_icy, minmay_misc_feat_room, minmay_manual_mess
Temple:   dpeg_three_leaves_temple

Skill      XL: |  1  2  3  4  5  6  7 |
---------------+----------------------+-----
Spellcasting   | 3 |  3.6
Ice Magic      | 5 6 |  6.3
Maces & Flails | 3 5 6 |  6.6
Dodging        | |  1.7
Stealth        | |  1.7

Action                   |  1- 3 |  4- 6 |  7- 9 || total
-------------------------+-------+-------+-------++-------
Melee: Dagger            |    23 |       |       ||    23
       Tailslap          |     5 |    14 |     3 ||    22
       Whip              |    19 |   117 |    41 ||   177
Throw: Stone             |    51 |   108 |    17 ||   176
       Boomerang         |       |     5 |       ||     5
 Cast: Freeze            |    43 |     5 |       ||    48
       Frozen Ramparts   |     3 |     5 |     3 ||    11
       Ozocubu's Armour  |     1 |     2 |     2 ||     5
  Use: Scroll            |       |     4 |       ||     4
 Stab: Sleeping          |       |     1 |       ||     1
Armor: Skin              |    26 |    38 |    12 ||    76
Dodge: Dodged            |    57 |    72 |    24 ||   153

Table legend: (Time is in decaauts)
 A = Elapsed time spent in this place.
 B = Non-inter-level travel time spent in this place.
 C = Inter-level travel time spent in this place.
 D = Time resting spent in this place.
 E = Time spent auto-exploring this place.
 F = Levels seen in this place.
 G = Mean time per level.
                   A        B        C        D        E       F      G
               +--------+--------+--------+--------+--------+-----+--------+
         Total |   6560 |   6460 |    100 |    378 |   5276 |   7 |  937.1 |
       Dungeon |   6530 |   6430 |    100 |    378 |   5276 |   6 | 1088.3 |
        Temple |     30 |     30 |      0 |      0 |      0 |   1 |   30.0 |
               +--------+--------+--------+--------+--------+-----+--------+

Top non-repeatable levels by time:
     D:2: 1638 daAuts
     D:1: 1632 daAuts
     D:4: 1062 daAuts
     D:3: 1021 daAuts
     D:5: 1000 daAuts
     D:6: 174 daAuts
  Temple: 30 daAuts
